 Dungeon Crawl Stone Soup version 0.31.0-32-g396128a36d (webtiles) character file.

Game seed: 17275839927448236152

63 0gre the Chiller (level 4, 8/32 HPs)
             Began as a Gnoll Ice Elementalist on Apr 5, 2024.
             Quit the game on level 2 of the Dungeon.
             The game lasted 00:08:23 (672 turns).

0gre the Chiller (Gnoll Ice Elementalist)            Turns: 672, Time: 00:08:23

Health: 8/32       AC:  2    Str:  8    XL:     4   Next: 10%
Magic:  6/11       EV: 13    Int: 20    God:
Gold:   90         SH:  0    Dex: 14    Spells: 9/13 levels left

rFire   + . .        a - +0 short sword
rCold   . . .        (no shield)
rNeg    . . .        c - +0 robe
rPois   .            (no helmet)
rElec   .            (no cloak)
rCorr   .            (no gloves)
SInv    .            (no boots)
Will    .....        (no amulet)
Stlth   +++          i - +6 ring of intelligence
HPRegen 0.25/turn    k - ring of protection from fire
MPRegen 0.12/turn

%: no passive effects
@: freezing walls
A: fangs 1, strong nose, distributed training
a: no special abilities


You were on level 2 of the Dungeon.
You visited 1 branch of the dungeon, and saw 2 of its levels.

You collected 90 gold pieces.

Inventory:

Hand Weapons
 a - a +0 short sword (weapon)
Armour
 c - a +0 robe (worn)
Jewellery
 i - a +6 ring of intelligence (left hand)
 k - a ring of protection from fire (right hand)
Scrolls
 d - a scroll of silence {unknown}
 e - a scroll of acquirement {unknown}
 f - a scroll of fear {unknown}
 g - a scroll of torment {unknown}
Potions
 b - a potion of magic
 h - a potion of degeneration {unknown}
 j - a potion of heal wounds {unknown}


   Skills:
 + Level 1.1 Fighting
 + Level 1.1 Short Blades
 + Level 1.1 Long Blades
 + Level 1.1 Axes
 + Level 1.1 Maces & Flails
 + Level 1.1 Polearms
 + Level 1.1 Staves
 + Level 1.1 Ranged Weapons
 + Level 1.1 Throwing
 + Level 1.1 Armour
 + Level 4.6 Dodging
 + Level 4.2 Stealth
 + Level 1.1 Shields
 + Level 1.1 Unarmed Combat
 + Level 5.0 Spellcasting
 + Level 0.8 Conjurations
 + Level 0.8 Hexes
 + Level 0.8 Summonings
 + Level 0.8 Necromancy
 + Level 0.8 Translocations
 + Level 0.8 Fire Magic
 + Level 7.1 Ice Magic
 + Level 0.8 Air Magic
 + Level 0.8 Earth Magic
 + Level 0.8 Alchemy
 + Level 1.2 Invocations
 + Level 1.1 Evocations
 + Level 1.0 Shapeshifting


You had 9 spell levels left.
You knew the following spells:

 Your Spells              Type           Power      Damage    Failure   Level
a - Freeze                Ice            100%       1d10      1%          1
b - Frozen Ramparts       Ice            66%        1d10      1%          3

Your spell library contained the following spells:

 Spells                   Type           Power      Damage    Failure   Level
 Ozocubu's Armour         Ice            33%        N/A       1%          3
 Summon Ice Beast         Ice/Summ       21%        N/A       7%          3
 Slow                     Hex            32%        N/A       9%          1
 Confusing Touch          Hex            8%         N/A       24%         3
 Sigil of Binding         Hex            8%         N/A       24%         3
 Vampiric Draining        Necr           8%         2d6       24%         3
 Summon Blazeheart Golem  Fire/Summ      8%         N/A       63%         4
 Orb of Destruction       Conj           4%         9d5       100%        7
 Spellforged Servitor     Conj/Summ      4%         N/A       100%        7


Dungeon Overview and Level Annotations

Branches:
Dungeon (2/15)

Altars:


Innate Abilities, Weirdness & Mutations

You have very sharp teeth.
Your uncanny sense of smell can sniff out nearby items.
Your experience applies equally to all skills.


Message History

The gnoll hits you with a +0 spear.
Casting: Frozen Ramparts (safe; 1% risk of failure)
Confirm with . or Enter, or press ? or * to list all spells.
Casting: Frozen Ramparts (safe; 1% risk of failure)
Press: ? - help, Dir - look around, f - activate The walls around you are covered in ice.
The wall freezes the gnoll!
The wall freezes the gnoll.
The gnoll barely misses you.
The wall freezes the gnoll but does no damage.
The wall freezes the gnoll!
You hit the gnoll but do no damage.
The gnoll is lightly wounded.
The wall freezes the gnoll. x2; The wall freezes the gnoll!
The gnoll hits you with a +0 spear!
* * * LOW HITPOINT WARNING * * *
The wall freezes the gnoll.
You kill the gnoll!
You hit the gnoll.
The gnoll is almost dead.
The wall freezes the gnoll.
The wall freezes the gnoll!
You kill the gnoll!
The wall freezes the gnoll!
You kill the gnoll!
Your Fighting skill increases to level 1!
Your Short Blades skill increases to level 1!
Your Long Blades skill increases to level 1!
Your Axes skill increases to level 1!
Your Maces & Flails skill increases to level 1!
Your Polearms skill increases to level 1!
Your Staves skill increases to level 1!
Your Ranged Weapons skill increases to level 1!
Your Throwing skill increases to level 1!
Your Armour skill increases to level 1!
Your Shields skill increases to level 1!
Your Unarmed Combat skill increases to level 1!
Your Evocations skill increases to level 1!
Your Shapeshifting skill increases to level 1!
You have reached level 4!
You feel stronger.
Are you sure you want to abandon this character and quit the game? (Confirm with "yes".)

.............#
#............#
#...........!#
#...g.....!..#
#............#
#.....)).....#
...####g######
##. #)# # #@#
#.# #.# #.#
#<# #.# ###


You could see a gnoll.

Vanquished Creatures
  3 gnolls (D:2)
  A ribbon worm (D:2)
  3 bats
  2 endoplasms (D:1)
  3 giant cockroaches (D:1)
  3 goblins
  A hobgoblin (D:2)
  5 jackals
  3 kobolds (D:1)
  A quokka (D:1)
  2 ball pythons (D:1)
  A frilled lizard (D:1)
  A rat (D:2)
29 creatures vanquished.

Notes
Turn   | Place    | Note
-------+----------+-------------------------------------------
     0 | D:1      | 0gre the Gnoll Ice Elementalist began the quest for the
                  | Orb.
     0 | D:1      | Reached XP level 1. HP: 13/13 MP: 6/6
    78 | D:1      | Reached XP level 2. HP: 17/19 MP: 5/7
   377 | D:1      | Found a faded altar of an unknown god.
   499 | D:1      | Reached skill level 5 in Spellcasting
   499 | D:1      | Reached XP level 3. HP: 23/25 MP: 7/9
   503 | D:1      | Learned a level 3 spell: Frozen Ramparts
   658 | D:2      | Reached skill level 1 in Invocations
   672 | D:2      | Reached skill level 1 in Fighting
   672 | D:2      | Reached skill level 1 in Short Blades
   672 | D:2      | Reached skill level 1 in Long Blades
   672 | D:2      | Reached skill level 1 in Axes
   672 | D:2      | Reached skill level 1 in Maces & Flails
   672 | D:2      | Reached skill level 1 in Polearms
   672 | D:2      | Reached skill level 1 in Staves
   672 | D:2      | Reached skill level 1 in Ranged Weapons
   672 | D:2      | Reached skill level 1 in Throwing
   672 | D:2      | Reached skill level 1 in Armour
   672 | D:2      | Reached skill level 1 in Shields
   672 | D:2      | Reached skill level 1 in Unarmed Combat
   672 | D:2      | Reached skill level 1 in Evocations
   672 | D:2      | Reached skill level 1 in Shapeshifting
   672 | D:2      | Reached XP level 4. HP: 8/32 MP: 6/11
   672 | D:2      | Quit the game

Illustrated notes

Levels and vault maps discovered:
D:1:      doesnt_arrival_eight_statues, layout_rooms,
          dilly_ecumenical_altar_fadedgnrine
D:2:      layout_basic, kennysheep_generic_room_12

Skill      XL: |  1  2  3 |
---------------+----------+-----
Spellcasting   | 5 |  5.0
Invocations    | 1 |  1.2
Fighting       | 1 |  1.1
Short Blades   | 1 |  1.1
Long Blades    | 1 |  1.1
Axes           | 1 |  1.1
Maces & Flails | 1 |  1.1
Polearms       | 1 |  1.1
Staves         | 1 |  1.1
Ranged Weapons | 1 |  1.1
Throwing       | 1 |  1.1
Armour         | 1 |  1.1
Shields        | 1 |  1.1
Unarmed Combat | 1 |  1.1
Evocations     | 1 |  1.1
Shapeshifting  | 1 |  1.0
Dodging        | |  4.6
Stealth        | |  4.2
Conjurations   | |  0.8
Hexes          | |  0.8
Summonings     | |  0.8
Necromancy     | |  0.8
Translocations | |  0.8
Fire Magic     | |  0.8
Ice Magic      | |  7.1
Air Magic      | |  0.8
Earth Magic    | |  0.8
Alchemy        | |  0.8

Action                     |  1- 3 |  4- 6 || total
---------------------------+-------+-------++-------
  Melee: Short sword       |    85 |       ||    85
         Bite              |    11 |       ||    11
         Dagger            |     1 |       ||     1
         Punch             |     2 |       ||     2
   Cast: Freeze            |     7 |       ||     7
         Frozen Ramparts   |     2 |       ||     2
   Stab: Sleeping          |     3 |       ||     3
 Armour: Robe              |    34 |       ||    34
  Dodge: Dodged            |    41 |       ||    41
